 Dungeon Crawl Stone Soup version 0.25-a0-1113-g0499d652a8 (webtiles) character file.

Game seed: 6237632670670599743, levelgen mode: deterministic

6 tilp the Vexing (level 2, 11/17 HPs)
             Began as a Kobold Arcane Marksman on May 16, 2020.
             Quit the game on level 1 of the Dungeon.
             The game lasted 00:01:01 (156 turns).

tilp the Vexing (Kobold Arcane Marksman)             Turns: 156, Time: 00:01:01

Health: 11/17      AC:  6    Str:  7    XL:     2   Next: 0%
Magic:  3/3        EV:  9    Int: 14    God:
Gold:   0          SH:  0    Dex: 15    Spells: 0/3 levels left

rFire    + . .     SeeInvis .   b - -3 spear (curse)
rCold    . . .     Gourm    .   (shield restricted)
rNeg     . . .     Faith    .   c - +1 ring mail {rF+}
rPois    .         Spirit   .   (no helmet)
rElec    .         Reflect  .   (no cloak)
rCorr    .         Harm     .   (no gloves)
MR       .....                  (no boots)
Stlth    +.........             (no amulet)
HPRegen  0.05/turn              (no ring)
MPRegen  0.08/turn              (no ring)

@: constricted
A: small, carnivore
a: no special abilities


You were on level 1 of the Dungeon.
You were very full.

You visited 1 branch of the dungeon, and saw 1 of its levels.

Inventory:

Hand Weapons
 a - a +0 hand crossbow
 b - a cursed -3 spear (weapon)
Missiles
 d - 16 bolts
Armour
 c - a +1 ring mail of fire resistance (worn)
 e - a +0 robe (quivered)
Comestibles
 f - a ration


   Skills:
 + Level 2.1 Fighting
 - Level 2.4 Crossbows
 - Level 2.4 Dodging
 - Level 1.1 Spellcasting
 - Level 3.0 Hexes


You couldn't memorise any spells.
You knew the following spells:

 Your Spells              Type           Power        Failure   Level  Hunger
a - Corona                Hex            #......      26%         1    ##.....
b - Slow                  Hex            #.......     38%         2    ###....

Your spell library contained the following spells:

 Spells                   Type           Power        Failure   Level  Hunger
 Inner Flame              Hex/Fire       #.......     83%         3    ####...
 Portal Projectile        Hex/Tloc       #.....       83%         3    ####...
 Cause Fear               Hex            #.........   95%         4    #####..
 Leda's Liquefaction      Hex/Erth       #.........   99%         4    #####..


Dungeon Overview and Level Annotations

Branches:
Dungeon (1/15)

Altars:


Innate Abilities, Weirdness & Mutations

You are small and have problems with some larger weapons.
You are carnivorous and can eat meat at any time.


Message History

The kobold hits you with a +0 short sword.
You see here a scroll labeled TARYBI OVVYORU.
As you read the scroll labeled TARYBI OVVYORU, it crumbles to dust.
It is a scroll of enchant armour.
Your +0 ring mail of fire resistance glows green for a moment.
The kobold barely misses you. The ball python misses you. x2
Unknown command.
Quiver which item? (- for none, * to show all) (? for menu, Esc to quit)
You don't have any such object.
Quiver which item? (- for none, * to show all) (? for menu, Esc to quit)
Quivering
e - a +0 robe for throwing.
The kobold hits you but does no damage. The kobold completely misses you.
The ball python bites you. The ball python misses you.
Unknown command.
Sorry, you're not good enough to have a special ability.
The kobold closely misses you. x2; The ball python closely misses you.
The ball python grabs you. The ball python constricts you.
Drop what? 6/52 slots (_ for help) (? for menu, Esc to quit)
Okay, then.
Are you sure you want to abandon this character and quit the game? (Confirm with "yes".)

#.#÷#...# ...
##.#.#...# ..#
#...÷#.((# ..#
######....#...##..#
..........#.......####
######.#)#..........#
#.#.#..........#
#.#.#...SK.....#
#.#.#...@..#..##
#.#.#...K..##.#
##.#.#......# ..#
##..#.#.....$# .#
#...#.###..... .
##...#.# #......
#....#.# #......#
##..#...# #......#
#...#...#


You could see a ball python and 2 kobolds.

Vanquished Creatures
  A dart slug (D:1)
  A goblin (D:1)
  A bat (D:1)
  A kobold (D:1)
  A rat (D:1)
5 creatures vanquished.

Notes
Turn   | Place    | Note
-------+----------+-------------------------------------------
     0 | D:1      | tilp the Kobold Arcane Marksman began the quest for the
                  | Orb.
     0 | D:1      | Reached XP level 1. HP: 12/12 MP: 2/2
    99 | D:1      | Reached XP level 2. HP: 17/17 MP: 0/3
   118 | D:1      | Learned a level 2 spell: Slow
   156 | D:1      | Quit the game

Illustrated notes

Levels and vault maps discovered:
D:1:      dpeg_arrival_long_road, layout_basic, dk_noncrumbling_2

Skill      XL: |  1 |
---------------+----+-----
Fighting       | 2 |  2.1
Crossbows      | |  2.4
Dodging        | |  2.4
Spellcasting   | |  1.1
Hexes          | |  3.0

Action                   || total
-------------------------++-------
Melee: Spear             ||     1
 Fire: Hand crossbow     ||    13
 Cast: Corona            ||     3
  Use: Scroll            ||     1
  Eat: Chunk             ||     4
Armor: Ring mail         ||     2
Dodge: Dodged            ||    20

Table legend:
 A = Non-vault XP
 B = Vault XP
 C = Vault XP percentage of total XP
 D = Non-vault monster count
 E = Vault monster count
 F = Vault count percentage of total count
                 A         B        C        D         E       F
            +---------+---------+-------+---------+---------+-------
      Total |       9 |       0 |   0.0 |       5 |       0 |   0.0
            +---------+---------+-------+---------+---------+-------
        D:1 |       9 |       0 |   0.0 |       5 |       0 |   0.0
            +---------+---------+-------+---------+---------+-------
